 Dungeon Crawl Stone Soup version 0.23.2-1-ga50397a (webtiles) character file.

Game seed: 9049233494182972366

24 Reg1 the Ruffian (level 2, 14/23 HPs)
             Began as a Draconian Transmuter on May 23, 2019.
             Got out of the dungeon alive.
             The game lasted 00:05:01 (474 turns).

Reg1 the Ruffian (Draconian Transmuter)              Turns: 474, Time: 00:05:02

Health: 14/23      AC:  4    Str: 12    XL:     2   Next: 79%
Magic:  5/5        EV: 12    Int: 13    God:
Gold:   5          SH:  0    Dex: 11    Spells: 4/5 levels left

rFire    + . .     SeeInvis .     - Unarmed
rCold    . . .     Gourm    .   (no shield)
rNeg     . . .     Faith    .   (armour unavailable)
rPois    .         Spirit   .   (helmet restricted)
rElec    .         Reflect  .   (no cloak)
rCorr    .         Harm     .   (no gloves)
MR       .....     Rnd*Tele +   (no boots)
Stlth    +.........             (no amulet)
HPRegen  0.07/turn              b - ring of protection from fire
MPRegen  0.09/turn              d - ring of teleportation (curse)

@: no status effects
A: unfitting armour, cold-blooded, AC +4
a: no special abilities


You escaped.
You were not hungry.

You visited 1 branch of the dungeon, and saw 1 of its levels.

You collected 5 gold pieces.

Inventory:

Missiles
 a - 12 arrows
Jewellery
 b - a ring of protection from fire (left hand)
 d - a cursed ring of teleportation (right hand)
Potions
 e - a potion of mutation {unknown}
Comestibles
 c - 2 rations


   Skills:
 + Level 1.2 Fighting
 + Level 2.3 Dodging
 + Level 3.2 Unarmed Combat
 + Level 2.1 Spellcasting
 + Level 2.3 Transmutations


You had 4 spell levels left.
You knew the following spells:

 Your Spells              Type           Power        Failure   Level  Hunger
a - Beastly Appendage     Tmut           #.....       10%         1    ##.....

Your spell library contained the following spells:

 Spells                   Type           Power        Failure   Level  Hunger
 Sticks to Snakes         Tmut           #.......     14%         2    ###....
 Spider Form              Tmut/Pois      #.........   43%         3    ####...
 Ice Form                 Ice/Tmut       #.......     83%         4    #####..
 Blade Hands              Tmut           #.........   95%         5    ######.


Dungeon Overview and Level Annotations

Branches:
Dungeon (1/15)

Altars:


Innate Abilities, Weirdness & Mutations

Your plain brown scales are hard. (AC +4)
You cannot fit into any form of body armour.
You are cold-blooded and may be slowed by cold attacks.


Message History

The bat hits you but does no damage. The bat hits you.
* * * LOW HITPOINT WARNING * * *
All of the chunks of flesh in your inventory have rotted away.
The bat barely misses you. The bat hits you but does no damage.
The bat misses you.
You hit the bat.
You kill the bat!
You see here a bat corpse.
There is a stone staircase leading down here.
You see here a rat skeleton.
You see here a rat skeleton.
You see here a +0 club.
You see here a +0 club.
There is an open door here.
There is a staircase leading out of the dungeon here.
There is a staircase leading out of the dungeon here.
Are you sure you want to leave the Dungeon?
This will make you lose the game!
You have escaped!

.### #..#......#.##.....#..#####.
)..# #...##...........##...# *,
.#.###...##*#.......####...# *.
....##....# ###...### #....# ###.
.....#....## ##.## ##....# #..,
....[......# ###'### #.....# #)#*
>.÷........###.....###.....###.#
.#....[....##.......##.........#*
##)......####...@...####.......#,
##.....### ##.....## ###.....#,
##...### *#.....## ###...#,
#.##########+#####'##########.#,
#............## ##............#,
##.............# #....)........#,
##)............###.............#*
....#####.......#.......###.#.##
.÷..#####.......#.......###.#..#


There were no monsters in sight!

Vanquished Creatures
  3 leopard geckos (D:1)
  A bat (D:1)
  A giant cockroach (D:1)
  2 goblins (D:1)
  6 hobgoblins (D:1)
  A frilled lizard (D:1)
  5 rats (D:1)
19 creatures vanquished.

Notes
Turn   | Place    | Note
-------+----------+-------------------------------------------
     0 | D:1      | Reg1 the Draconian Transmuter began the quest for the Orb.
     0 | D:1      | Reached XP level 1. HP: 16/16 MP: 3/3
   104 | D:1      | Reached XP level 2. HP: 15/23 MP: 3/5
   474 | D:$      | Got out of the dungeon alive.

Skill      XL: |  1 |
---------------+----+-----
Dodging        | 2 |  2.3
Fighting       | |  1.2
Unarmed Combat | |  3.2
Spellcasting   | |  2.1
Transmutations | |  2.3

Action                   || total
-------------------------++-------
Melee: Unarmed           ||    65
       Headbutt          ||     5
       Tailslap          ||     6
       Kick              ||     4
 Cast: Beastly Appendage ||     7
  Use: Scroll            ||     1
Armor: Skin              ||    31
Dodge: Dodged            ||    74
